 Seeded DCSS version 0.30.1-4-g462c640d31 (webtiles) character file.

Game seed: 6351066067085065685 (custom seed)

2191 Esekla the Reanimator (level 9, -5/45 HPs)
             Began as a Deep Elf Necromancer on Aug 11, 2023.
             Was a Believer of Vehumet.
             Slain by Joseph
             ... wielding a +0 quarterstaff
              (14 damage)
             ... on level 7 of the Dungeon.
             The game lasted 00:29:52 (5517 turns).

Esekla the Reanimator (Deep Elf Necromancer)        Turns: 5517, Time: 00:29:52

Health: -5/45      AC:  4    Str:  5    XL:     9   Next: 12%
Magic:  15/23      EV: 15    Int: 25    God:    Vehumet [**....]
Gold:   375        SH:  0    Dex: 18    Spells: 15/24 levels left

rFire   . . .        a - +5 rapier of the Hero {heavy, rN+ Dex+3}
rCold   . . .        (no shield)
rNeg    + . .        m - +0 robe
rPois   .            i - +0 helmet
rElec   .            (no cloak)
rCorr   .            j - +0 pair of gloves
SInv    .            (no boots)
Will    .....        B - amulet of magic regeneration
Stlth   +++          (no ring)
HPRegen 0.27/turn    (no ring)
MPRegen 0.58/turn

%: no passive effects
@: no status effects
A: no striking features
a: Renounce Religion


You were on level 7 of the Dungeon.
You worshipped Vehumet.
Vehumet was pleased with you.
You visited 1 branch of the dungeon, and saw 8 of its levels.

You collected 375 gold pieces.

Inventory:

Hand Weapons
 a - the +5 rapier of the Hero (weapon) {heavy, rN+ Dex+3}
   (You found it on level 3 of the Dungeon)

   Dex:       It affects your dexterity (+3).
   rN:        It protects you from negative energy.
 c - a +0 scimitar
 r - a +4 trident of venom
Missiles
 t - 22 poisoned darts (quivered)
Armour
 i - a +0 helmet (worn)
 j - a +0 pair of gloves (worn)
 m - a +0 robe (worn)
 G - a +0 buckler
Jewellery
 B - an amulet of magic regeneration (around neck)
Wands
 A - a wand of flame (15)
 F - a wand of roots (21)
Scrolls
 e - 3 scrolls of fear {unknown}
 l - a scroll of immolation {unknown}
 n - 2 scrolls of blinking {unknown}
 p - 2 scrolls of fog {unknown}
 q - 8 scrolls of identify {unknown}
 u - a scroll of enchant armour {unknown}
 v - 2 scrolls of amnesia {unknown}
 x - a scroll of silence {unknown}
 y - a scroll of summoning {unknown}
 z - 3 scrolls of enchant weapon {unknown}
 D - a scroll of magic mapping {unknown}
 E - a scroll of teleportation {unknown}
Potions
 b - a potion of magic
 d - 3 potions of ambrosia {unknown}
 f - 2 potions of haste {unknown}
 g - 6 potions of curing {unknown}
 h - a potion of mutation {unknown}
 k - 6 potions of attraction {unknown}
 o - 3 potions of brilliance {unknown}
 s - 2 potions of heal wounds {unknown}
 C - a potion of lignification {unknown}


   Skills:
 + Level 3.2 Short Blades
 + Level 1.3 Throwing
 * Level 5.8 Dodging
 + Level 5.4 Stealth
 * Level 0.3 Shields
 * Level 8.2 Spellcasting
 * Level 2.8 Conjurations
 * Level 8.8 Necromancy
 * Level 4.0 Translocations


You had 15 spell levels left.
You knew the following spells:

 Your Spells              Type           Power      Damage    Failure   Level
a - Magic Dart            Conj           96%        1d7       1%          1
c - Sandblast             Erth           20%        2d7       6%          1
d - Vampiric Draining     Necr           53%        2d9       1%          3
e - Necrotise             Necr           100%       1d9       1%          1
t - Teleport Other        Tloc           30%        N/A       3%          3

Your spell library contained the following spells:

 Spells                   Type           Power      Damage    Failure   Level
 Lesser Beckoning         Tloc           60%        N/A       1%          2
 Animate Dead             Necr           53%        N/A       1%          4
 Gell's Gravitas          Tloc           30%        N/A       3%          3
 Agony                    Necr           53%        N/A       4%          5
 Spider Form              Tmut/Pois      10%        N/A       19%         3
 Cause Fear               Hex            5%         N/A       52%         4
 Summon Mana Viper        Hex/Summ       10%        N/A       86%         5


Dungeon Overview and Level Annotations

Branches:
Dungeon (8/15)             Temple (0/1) D:6
   Lair: D:8-11

Altars:
Dithmenos
Fedhas
Hepliaklqana
Okawaru
Qazlal
Trog
Vehumet
Zin
The Shining One

Shops:
D:2 =   D:4 (

Annotations:
D:7 Joseph, Menkaure


Message History

Autopickup disabled for wands of polymorph.
You drop a wand of polymorph (10).
A hound comes into view.
Found an escape hatch in the floor.
Joseph shouts!
The hound barks!
Joseph completely misses you.
You hit Joseph. You punch Joseph.
Joseph is lightly wounded.
Joseph misses you. Joseph barely misses you.
You barely miss Joseph.
Joseph is lightly wounded.
Joseph closely misses you.
You puncture Joseph!
Joseph is lightly wounded.
Joseph hits you with a +0 quarterstaff!!
Joseph says, "I'm happy to see you. And I'll be happy to kill you."
Joseph misses you.
Casting: Vampiric Draining (safe; 1% risk of failure)
Confirm with . or Enter, or press ? or * to list all spells.
Aiming: Vampiric Draining (safe; 1% risk of failure)
Press: ? - help, Shift-Dir - straight line, f - Joseph
Aim: Joseph, wielding a +0 quarterstaff and wearing a +0 leather armour (lightly wounded)
You draw life force from Joseph.
You feel life coursing into your body. Joseph hits you with a +0 quarterstaff!
Casting: Vampiric Draining (safe; 1% risk of failure)
Confirm with . or Enter, or press ? or * to list all spells.
Aiming: Vampiric Draining (safe; 1% risk of failure)
Press: ? - help, Shift-Dir - straight line, f/p - Joseph
Aim: Joseph, wielding a +0 quarterstaff and wearing a +0 leather armour (moderately wounded)
You draw life force from Joseph!
You feel life coursing into your body! Joseph hits you with a +0 quarterstaff!
* * * LOW HITPOINT WARNING * * *
Casting: Vampiric Draining (safe; 1% risk of failure)
Confirm with . or Enter, or press ? or * to list all spells.
Aiming: Vampiric Draining (safe; 1% risk of failure)
Press: ? - help, Shift-Dir - straight line, f/p - Joseph
Aim: Joseph, wielding a +0 quarterstaff and wearing a +0 leather armour (heavily wounded)
You draw life force from Joseph!
You feel life coursing into your body. Joseph hits you with a +0 quarterstaff!
You die...

##+ #....# #.. #....# #.#
#....########## #.#
#.............# #######.#
#.....#######.#
........#######.#<)...#.#
.............##.##)#..#.#
.......@[....'...........
.......#@....#####.####..
.....>.#.....#.<.....##..
.......#.....#.###.#.##..
.......#.....#.# #.#.##..
.......#.....#.# #.#.##..
########.....#.###.#.##..
#/....#.....#.##..
#############..'.. ####..


You could see Joseph.

Vanquished Creatures
  Pikel (D:6)
  An ice beast (D:6)
  A sky beast (D:6)
  2 black bears
  An ogre (D:5)
  A centaur (D:7)
  A phantom (D:7)
  Blork the orc (D:6)
  A kobold brigand (D:6)
  A gnoll sergeant (D:7)
  A bullfrog (D:7)
  2 scorpions (D:5)
  A gnoll bouda (D:4)
  5 hounds
  A jelly (D:6)
  A sleepcap (D:5)
  5 iguanas
  16 gnolls
  9 adders
  4 white imps
  An ufetubus (D:6)
  A worm (D:4)
  3 dart slugs
  11 orcs
  6 ball pythons
  4 bats
  4 endoplasms
  8 goblins
  5 hobgoblins
  A quokka (D:1)
  4 frilled lizards
  12 kobolds
  A rat (D:2)
117 creatures vanquished.

Notes
Turn   | Place    | Note
-------+----------+-------------------------------------------
     0 | D:1      | Esekla the Deep Elf Necromancer began the quest for the
                  | Orb.
     0 | D:1      | Reached XP level 1. HP: 10/10 MP: 6/6
   124 | D:1      | Reached skill level 5 in Necromancy
   347 | D:4      | Found an iron altar of Okawaru.
   415 | D:4      | Found a glowing silver altar of Zin.
   440 | D:4      | Found a glowing golden altar of the Shining One.
   543 | D:4      | Found a radiant altar of Vehumet.
   547 | D:4      | Became a worshipper of Vehumet
   628 | D:3      | Reached XP level 2. HP: 15/15 MP: 8/8
   703 | D:3      | Identified the +5 rapier of the Hero {heavy, rN+ Dex+3}
   803 | D:2      | Found Renulab's Jewellery Shop.
  1045 | D:1      | Reached XP level 3. HP: 19/19 MP: 9/9
  1114 | D:1      | Learned a level 3 spell: Vampiric Draining
  1452 | D:2      | Found a faded altar of an unknown god.
  1478 | D:2      | Reached skill level 1 in Short Blades
  1478 | D:2      | Reached XP level 4. HP: 21/24 MP: 3/11
  1492 | D:2      | Noticed a black bear
  1501 | D:2      | Killed a black bear
  1502 | D:2      | Reached XP level 5. HP: 26/28 MP: 3/13
  2232 | D:3      | Found a hazy altar of Hepliaklqana.
  2234 | D:3      | Found a bloodstained altar of Trog.
  2235 | D:3      | Found a stormy altar of Qazlal.
  2529 | D:3      | Reached * piety under Vehumet
  2529 | D:3      | Offered knowledge of Sandblast by Vehumet.
  2530 | D:3      | Reached XP level 6. HP: 32/32 MP: 7/14
  2534 | D:3      | Learned a level 3 spell: Teleport Other
  2536 | D:3      | Learned a level 1 spell: Sandblast
  2880 | D:4      | Reached skill level 5 in Spellcasting
  3046 | D:4      | Found Ponaysk's Antique Weapon Boutique.
  3223 | D:5      | Entered Level 5 of the Dungeon
  3433 | D:5      | Found a shadowy altar of Dithmenos.
  3485 | D:5      | Got the Parchment of the Lumpy Olives
  3499 | D:5      | Reached XP level 7. HP: 36/36 MP: 14/17
  3624 | D:5      | Reached skill level 1 in Translocations
  3892 | D:5      | Offered knowledge of Magic Dart by Vehumet.
  3899 | D:5      | Learned a level 1 spell: Magic Dart
  4105 | D:6      | Reached ** piety under Vehumet
  4181 | D:6      | Found a staircase to the Ecumenical Temple.
  4187 | D:6      | Noticed Pikel
  4274 | D:6      | Reached skill level 5 in Dodging
  4301 | D:6      | Reached skill level 1 in Conjurations
  4301 | D:6      | Reached XP level 8. HP: 33/41 MP: 10/19
  4338 | D:6      | Found a blossoming altar of Fedhas.
  4351 | D:6      | Reached skill level 1 in Throwing
  4430 | D:6      | Reached skill level 5 in Stealth
  4595 | D:6      | Killed Pikel
  4837 | D:6      | Noticed Blork the orc
  4865 | D:6      | Killed Blork the orc
  5120 | D:7      | Reached XP level 9. HP: 44/45 MP: 18/23
  5416 | D:7      | Noticed Menkaure
  5422 | D:8      | Noticed a two-headed ogre
  5493 | D:7      | Noticed Joseph
  5517 | D:7      | Slain by Joseph

Illustrated notes

Levels and vault maps discovered:
D:1:      sevenhm_arrival_forest_fort_small_3, layout_rooms,
          chequers_serial_rivers_room_b, minmay_misc_feat_five
D:2:      layout_loops_ring, dreamdust_ecumenical_altar_angels_and_demons,
          serial_shops, shop
D:3:      layout_basic, grunt_temple_overflow_open, minmay_misc_feat_iff
D:4:      layout_basic, nicolae_overflow_quartered_altars, serial_shops,
          nicolae_diamond_shop
D:5:      layout_loops_ring, lemuel_doored_altar, minmay_misc_feat_rows,
          dreamdust_wishing_well
D:6:      layout_loops_cross, fedhas_altar_fruit_tree,
          minmay_temple_entry_glass, uniq_pikel, uniq_blork_the_orc
D:7:      layout_basic, uniq_menkaure, uniq_joseph, uniq_crazy_yiuf_cottage
D:8:      layout_basic, nicolae_uskayaw_dance_hall, serial_demonic,
          serial_demonic_d, serial_demonic_a, serial_demonic_c,
          serial_demonic_c, nicolae_diode_quadrants

Skill      XL: |  1  2  3  4  5  6  7  8  9 |
---------------+----------------------------+-----
Necromancy     | 5 6 7 8 |  8.8
Dodging        | 3 4 5 |  5.8
Stealth        | 3 4 5 |  5.4
Short Blades   | 1 2 3 |  3.2
Spellcasting   | 4 5 6 8 |  8.2
Translocations | 2 3 4 |  4.0
Conjurations   | 1 2 |  2.8
Throwing       | 1 |  1.3
Shields        | |  0.3

Action                     |  1- 3 |  4- 6 |  7- 9 || total
---------------------------+-------+-------+-------++-------
  Melee: Short sword       |    29 |       |       ||    29
         Unarmed           |     9 |       |       ||     9
         Rapier            |    37 |    59 |    76 ||   172
         Punch             |       |     1 |     2 ||     3
  Throw: Dart              |     1 |     8 |    11 ||    20
   Cast: Vampiric Draining |     5 |    21 |    25 ||    51
         Teleport Other    |       |       |     6 ||     6
   Stab: Sleeping          |     5 |     7 |    14 ||    26
         Distracted        |       |       |     1 ||     1
 Armour: Robe              |    14 |    17 |    16 ||    47
  Dodge: Dodged            |    49 |    65 |    78 ||   192
